 Dungeon Crawl Stone Soup version 0.23.2-40-g277498a001 (webtiles) character file.

Game seed: 15596705141814914928

418 Martska the Ducker (level 6, -5/47 HPs)
             Began as a Merfolk Ice Elementalist on Sept 30, 2019.
             Was a Follower of the Shining One.
             Slain by an ogre
             ... wielding a +0 giant spiked club
              (14 damage)
             ... on level 4 of the Dungeon.
             The game lasted 00:39:21 (7079 turns).

Martska the Ducker (Merfolk Ice Elementalist)       Turns: 7079, Time: 00:39:22

Health: -5/47      AC:  2    Str:  8    XL:     6   Next: 93%
Magic:  3/9        EV: 15    Int: 15    God:    the Shining One [*.....]
Gold:   137        SH:  0    Dex: 16    Spells: 4/10 levels left

rFire    . . .     SeeInvis .   g - +0 spear
rCold    . . .     Gourm    .   (no shield)
rNeg     . . .     Faith    .   a - +0 robe
rPois    .         Spirit   .   (no helmet)
rElec    .         Reflect  .   (no cloak)
rCorr    .         Harm     .   (no gloves)
MR       .....                  (no boots)
Stlth    +.........             (no amulet)
HPRegen  0.15/turn              (no ring)
MPRegen  0.11/turn              (no ring)

@: very slightly contaminated, glowing
A: change form in water, swift swim, stealthy swim
a: Renounce Religion


You were on level 4 of the Dungeon.
You worshipped the Shining One.
The Shining One was aware of your devotion.
You were not hungry.

You visited 1 branch of the dungeon, and saw 5 of its levels.

You collected 137 gold pieces.

Inventory:

Hand Weapons
 d - a +0 short sword
 g - a +0 spear (weapon)
 u - a +0 spear
 w - a +0 hunting sling
Missiles
 b - 2 tomahawks (quivered)
 y - 8 steel tomahawks
Armour
 a - a +0 robe (worn)
Jewellery
 e - a cursed ring of teleportation {unknown}
 p - an uncursed ring of fire {unknown}
 s - an uncursed ring of poison resistance {unknown}
Wands
 z - a wand of random effects (23)
Scrolls
 c - 2 scrolls of teleportation {unknown}
 f - 3 scrolls of amnesia {unknown}
 j - 2 scrolls of fear {unknown}
 l - 2 scrolls of magic mapping {unknown}
 m - 2 scrolls of enchant weapon {unknown}
 n - 3 scrolls of identify {unknown}
 r - a scroll of immolation {unknown}
 t - 2 scrolls of remove curse {unknown}
Potions
 h - a potion of agility {unknown}
 i - a potion of heal wounds {unknown}
 k - 3 potions of lignification {unknown}
 o - a potion of flight {unknown}
 q - a potion of brilliance {unknown}
 x - a potion of mutation {unknown}
Comestibles
 v - 4 rations


   Skills:
 * Level 3.1 Fighting
 * Level 4.0 Polearms
 * Level 5.0 Dodging
 + Level 3.4 Stealth
 + Level 2.6 Spellcasting
 + Level 1.5 Conjurations
 + Level 4.1 Ice Magic


You had 4 spell levels left.
You knew the following spells:

 Your Spells              Type           Power        Failure   Level  Hunger
a - Freeze                Ice            ##..         3%          1    #......
b - Throw Frost           Conj/Ice       ##....       10%         2    ###....
c - Ozocubu's Armour      Chrm/Ice       #.......     26%         3    ###....

Your spell library contained the following spells:

 Spells                   Type           Power        Failure   Level  Hunger
 Throw Icicle             Conj/Ice       ##......     54%         4    #####..
 Summon Ice Beast         Ice/Summ       #.......     65%         4    #####..


Dungeon Overview and Level Annotations

Branches:
Dungeon (5/15)
 Temple: D:4-7

Altars:
Elyvilon
Xom
The Shining One

Annotations:
D:4 Edmund


Message History

Press: ? - help, Shift-Dir - straight line, f/p - ogre
Aim: an ogre, wielding a +0 giant spiked club (moderately wounded)
The puff of frost hits the ogre.
The ogre is heavily wounded.
Casting: Throw Frost (safe; 10% risk of failure)
Confirm with . or Enter, or press ? or * to list all spells.
Aiming: Throw Frost (safe; 10% risk of failure)
Press: ? - help, Shift-Dir - straight line, f/p - ogre
Aim: an ogre, wielding a +0 giant spiked club (heavily wounded)
You miscast Throw Frost.
You are very lightly contaminated with residual magic.
Your skin glows momentarily.
You hit the ogre.
You tail-slap the ogre, but do no damage.
The ogre is severely wounded.
The ogre hits you with a +0 giant spiked club!
* * * LOW HITPOINT WARNING * * *
There is a stone staircase leading down here.
The ogre hits you with a +0 giant spiked club!
You die...

........####......###.....♣♣ ♣♣..
).................# ##.##♣♣ ♣♣♣
........######.#..####.# ♣
........#..............#
.....####.#.##.....##############
.....# #.#........#.............
.....# #.#.###....#.######......
.....# #.......O..#.# ########
.....######.####@#.#.#####.....#
###............###.#...........#
#.#######....# #.#######.######
#.# #....# #.# #.......
#.#######....###.# ########
#................#
#..######....##################
#..#..[.<.....................†
#..#.###.....##################


You could see an ogre.

Vanquished Creatures
  A big kobold (D:4)
  2 scorpions (D:4)
  2 worker ants (D:4)
  4 gnolls (D:3)
  8 adders
  3 oozes
  3 worms
  3 dart slugs
  A leopard gecko (D:1)
  An orc (D:3)
  5 giant cockroaches
  4 goblins
  8 hobgoblins
  2 quokkas (D:4)
  6 bats
  6 frilled lizards
  9 kobolds
  A leopard gecko skeleton (D:4)
  7 rats
76 creatures vanquished.

Notes
Turn   | Place    | Note
-------+----------+-------------------------------------------
     0 | D:1      | Martska the Merfolk Ice Elementalist began the quest for
                  | the Orb.
     0 | D:1      | Reached XP level 1. HP: 13/13 MP: 3/3
   516 | D:1      | Reached skill level 3 in Dodging
   516 | D:1      | Reached XP level 2. HP: 20/20 MP: 0/5
   527 | D:1      | Reached skill level 1 in Polearms
   950 | D:1      | Reached skill level 1 in Fighting
  1091 | D:1      | Reached XP level 3. HP: 9/26 MP: 1/6
  1357 | D:2      | Learned a level 2 spell: Throw Frost
  1361 | D:2      | Learned a level 3 spell: Ozocubu's Armour
  1384 | D:2      | Found a glowing golden altar of the Shining One.
  1392 | D:2      | Became a worshipper of the Shining One
  2039 | D:2      | Reached XP level 4. HP: 25/32 MP: 4/7
  3042 | D:3      | Reached skill level 1 in Conjurations
  3933 | D:3      | Reached skill level 4 in Dodging
  4313 | D:3      | Reached XP level 5. HP: 38/38 MP: 1/8
  5380 | D:3      | You fall through a shaft!
  5691 | D:4      | Reached * piety under the Shining One
  6022 | D:4      | Reached XP level 6. HP: 45/46 MP: 4/9
  6192 | D:4      | Found a white marble altar of Elyvilon.
  6305 | D:4      | Reached skill level 5 in Dodging
  6460 | D:4      | Found a shimmering altar of Xom.
  6605 | D:4      | Noticed Edmund
  6674 | D:5      | Entered Level 5 of the Dungeon
  7079 | D:4      | Slain by an ogre

Skill      XL: |  1  2  3  4  5  6 |
---------------+-------------------+-----
Dodging        | 3 4 5 |  5.0
Polearms       | 1 2 3 4 |  4.0
Fighting       | 1 2 3 |  3.1
Conjurations   | 1 |  1.5
Stealth        | 3 |  3.4
Ice Magic      | 4 |  4.1
Spellcasting   | |  2.6

Action                   |  1- 3 |  4- 6 || total
-------------------------+-------+-------++-------
Melee: Short sword       |     8 |       ||     8
       Spear             |    95 |   149 ||   244
       Tailslap          |       |     8 ||     8
 Cast: Freeze            |    18 |    27 ||    45
       Throw Frost       |     3 |    56 ||    59
       Ozocubu's Armour  |     1 |     2 ||     3
  Eat: Ration            |     1 |     6 ||     7
       Chunk             |       |     2 ||     2
Armor: Robe              |    53 |     9 ||    62
Dodge: Dodged            |   152 |   117 ||   269
